 Dungeon Crawl Stone Soup version 0.31-a0-361-g0f8bd3a31e (webtiles) character file.

Game seed: 16924774737260288499

1400 BritishOli the Chopper (level 8, 0/62 (63) HPs)
             Began as a Demonspawn Fighter on July 27, 2023.
             Was an Initiate of Makhleb.
             Slain by Maggie
             ... wielding a +1 scimitar of draining
              (1 damage)
             ... on level 6 of the Dungeon.
             The game lasted 00:04:09 (4019 turns).

BritishOli the Chopper (Demonspawn Fighter)         Turns: 4019, Time: 00:04:10

HP:   0/62 (63)     AC: 13    Str: 18    XL:     8   Next: 41%
MP:   8/8           EV: 19    Int: 10    God:    Makhleb [......]
Gold: 269           SH:  0    Dex: 13    Spells: 7/7 levels left

rFire   . . .        a - +0 war axe
rCold   . . .        j - +0 kite shield
rNeg    + . .        k - +0 plate armour
rPois   .            (helmet restricted)
rElec   .            x - +0 cloak
rCorr   .            (no gloves)
SInv    .            (no boots)
Will    .....        l - amulet of the acrobat Stlth
                     h - ring of flight
HPRegen 0.30/turn    y - ring of positive energy
MPRegen 0.11/turn

%: acrobat
@: confused, acrobatic, flying, lightly drained
A: antennae 1, foul stench 1, spiny 3
a: Renounce Religion


You were on level 6 of the Dungeon.
You worshipped Makhleb.
Makhleb was noncommittal.
You visited 1 branch of the dungeon, and saw 6 of its levels.

You collected 269 gold pieces.

Inventory:

Hand Weapons
 a - a +0 war axe (weapon)
Armour
 j - a +0 kite shield (worn)
 k - a +0 plate armour (worn)
 x - a +0 cloak (worn)
Jewellery
 h - a ring of flight (left hand)
 l - an amulet of the acrobat (around neck)
 y - a ring of positive energy (right hand)
 A - an amulet of magic regeneration
Wands
 c - a wand of polymorph (10)
 v - a wand of charming (7)
Scrolls
 e - 2 scrolls of blinking {unknown}
 f - a scroll of poison {unknown}
 i - a scroll of summoning {unknown}
 p - 6 scrolls of identify {unknown}
 q - a scroll of vulnerability {unknown}
 r - a scroll of fog {unknown}
 s - a scroll of enchant armour {unknown}
 t - a scroll of immolation {unknown}
 u - 2 scrolls of teleportation {unknown}
 w - 3 scrolls of noise {unknown}
 B - a scroll of silence {unknown}
 D - 2 scrolls of revelation {unknown}
Potions
 b - 2 potions of curing {unknown}
 d - 2 potions of might
 g - 4 potions of heal wounds {unknown}
 m - a potion of berserk rage {unknown}
 n - 2 potions of lignification {unknown}
 o - a potion of experience {unknown}
 z - 2 potions of degeneration {unknown}
 C - a potion of resistance {unknown}


   Skills:
 + Level 5.5 Fighting
 * Level 6.1 Axes
 + Level 5.0 Armour
 + Level 5.0 Shields


You had 7 spell levels left.
You didn't know any spells.
Your spell library contained the following spells:

 Spells                   Type           Power      Damage    Failure   Level
 Foxfire                  Conj/Fire      0%         2x1d4     100%        1
 Cigotuvi's Dreadful Rot  Necr/Pois/Air  0%         N/A       100%        2
 Lesser Beckoning         Tloc           0%         N/A       100%        2
 Gell's Gravitas          Tloc           0%         N/A       100%        3
 Ignite Poison            Fire/Tmut/Pois 0%         N/A       100%        3
 Teleport Other           Tloc           0%         N/A       100%        3
 Freezing Cloud           Conj/Ice/Air   0%         6-21      100%        5
 Plasma Beam              Fire/Air       0%         2x1d10    100%        6
 Starburst                Conj/Fire      0%         6d3       100%        6


Dungeon Overview and Level Annotations

Branches:
Dungeon (6/15)
 Temple: D:4-7

Altars:
Cheibriados
Fedhas
Gozag
Makhleb
Trog
Xom
Yredelemnul

Annotations:
D:4 1 runed translucent door, mn3067's ghost, amateur TrSh
D:6 Maggie


Innate Abilities, Weirdness & Mutations

You have a pair of small antennae on your head.
You may rarely emit foul miasma when damaged in melee.
You are completely covered in sharp spines.


Message History

The black bear barely misses you.
The black bear claws you but does no damage.
Maggie zaps a wand.
Your will is overpowered!
You are more confused.
You hit Maggie.
Maggie is heavily wounded.
You hit the black bear.
The black bear goes berserk!
Maggie hits you with a +1 scimitar of draining!
You partially resist.
You feel drained. Maggie casts a spell at you. The bolt of fire hits you!!
* * * LOW HITPOINT WARNING * * *
The black bear bites you.
* * * LOW HITPOINT WARNING * * *
The black bear claws you.
* * * LOW HITPOINT WARNING * * *
The black bear claws you but does no damage.
You closely miss Maggie.
Maggie is heavily wounded.
You hit the black bear.
You kill the black bear!
Makhleb accepts your kill. Maggie barely misses you.
Your life force feels restored.
Your Armour skill increases to level 5!
Your Shields skill increases to level 5!
You see here a scroll labelled MEIRAS VIUN.
You're too confused to move!
You break out of your daze.
Maggie points at you and mumbles some strange words.
The bolt of fire hits you!
* * * LOW HITPOINT WARNING * * *
Unknown command.
You are too confused!
Maggie completely misses you. Maggie is struck by your spines.
Maggie hits you with a +1 scimitar of draining.
* * * LOW HITPOINT WARNING * * *
You partially resist.
You feel drained.
You die...

.P #.##.... #### ...
#.##.... # ._.#####.#....
#### ......=.....# #...
P..........##########..#
. #....................#
...#.....?..###########.#
#.....@................#
###....@...#############
#........# ##########


You could see Maggie.

Vanquished Creatures
  Eustachio (D:6)
  Edmund (D:5)
  An ice beast (D:5)
  2 black bears
  An ogre (D:5)
  A centaur (D:5)
  2 phantoms
  2 scorpions
  A bullfrog (D:4)
  2 jellies
  3 hounds
  An orc priest (D:3)
  An orc wizard (D:3)
  An iguana (D:5)
  A mummy (D:6)
  6 adders
  A dart slug (D:4)
  6 orcs
  8 bats
  5 endoplasms
  A giant cockroach (D:2)
  6 goblins
  6 hobgoblins
  3 quokkas
  5 ball pythons
  5 frilled lizards
  5 kobolds
  5 rats
83 creatures vanquished.

Notes
Turn   | Place    | Note
-------+----------+-------------------------------------------
     0 | D:1      | BritishOli the Demonspawn Fighter began the quest for the
                  | Orb.
     0 | D:1      | Reached XP level 1. HP: 18/18 MP: 1/1
   122 | D:1      | Reached skill level 2 in Axes
   124 | D:1      | Gained mutation: You are partially covered in sharp spines.
                  | [demonic ancestry]
   124 | D:1      | Reached XP level 2. HP: 20/24 MP: 2/2
  1014 | D:2      | Gained mutation: You are mostly covered in sharp spines.
                  | [demonic ancestry]
  1014 | D:2      | Reached XP level 3. HP: 29/29 MP: 3/3
  1165 | D:2      | You are sucked into a shaft and drop 1 floor!
  1619 | D:3      | Gained mutation: You are completely covered in sharp
                  | spines. [demonic ancestry]
  1619 | D:3      | Reached XP level 4. HP: 33/35 MP: 4/4
  1628 | D:3      | Reached skill level 3 in Axes
  1753 | D:3      | Noticed an angel
  2043 | D:3      | Found a faded altar of an unknown god.
  2285 | D:3      | Found a blossoming altar of Fedhas.
  2292 | D:3      | Found a basalt altar of Yredelemnul.
  2480 | D:4      | Identified the +9 dagger of Diet Blood {holy, *Slow rC+
                  | Str+4 SInv}
  2536 | D:4      | Noticed a bullfrog
  2540 | D:4      | Reached XP level 5. HP: 37/42 MP: 5/5
  2635 | D:4      | Noticed a phantom
  2643 | D:4      | Killed a phantom
  2644 | D:4      | Reached XP level 6. HP: 48/48 MP: 6/6
  2651 | D:4      | Found a runed translucent door.
  2651 | D:4      | Noticed mn3067's ghost (amateur TrSh)
  2673 | D:4      | Reached skill level 4 in Axes
  2695 | D:4      | Found an opulent altar of Gozag.
  2729 | D:4      | Found a burning altar of Makhleb.
  2738 | D:4      | Became a worshipper of Makhleb the Destroyer
  2988 | D:5      | Entered Level 5 of the Dungeon
  3110 | D:5      | Gained mutation: You may rarely emit foul miasma when
                  | damaged in melee. [demonic ancestry]
  3110 | D:5      | Reached XP level 7. HP: 49/55 MP: 7/7
  3280 | D:5      | Reached skill level 5 in Axes
  3589 | D:6      | Reached skill level 5 in Fighting
  3591 | D:6      | Found a snail-covered altar of Cheibriados.
  3593 | D:6      | Noticed Edmund
  3594 | D:6      | Noticed Eustachio
  3614 | D:6      | HP: 2/49 [Edmund/+7 dire flail of draining (4)]
  3641 | D:5      | Killed Edmund
  3642 | D:5      | Gained mutation: You have a pair of small antennae on your
                  | head. [demonic ancestry]
  3642 | D:5      | Reached XP level 8. HP: 11/60 MP: 8/8
  3827 | D:6      | Killed Eustachio
  3926 | D:6      | Found a shimmering altar of Xom.
  3933 | D:6      | Reached skill level 6 in Axes
  3999 | D:6      | Noticed Maggie
  4002 | D:6      | Found a bloodstained altar of Trog.
  4015 | D:6      | Reached skill level 5 in Armour
  4015 | D:6      | Reached skill level 5 in Shields
  4019 | D:6      | HP: 1/63 [Maggie/+1 scimitar of draining (4)]
  4019 | D:6      | Slain by Maggie

Illustrated notes

Levels and vault maps discovered:
D:1:      psy_arrival_radial02, layout_basic, minmay_3d_cube
D:2:      layout_basic, serial_bayou_pond_d, kennysheep_generic_room_13
D:3:      layout_basic, amethyst_overflow_temple_binary, zin_angel,
          shapermc_ecumenical_altar_gd
D:4:      layout_basic, mainiacjoe_overflow_alcove_1, bloody_makhleb,
          gammafunk_ghost_grave, minmay_misc_feat_hallway
D:5:      nicolae_cairo_tiling_large, layout_rooms
D:6:      layout_rooms, old_standard_altar, slow_altar_1,
          mainiacjoe_overflow_tiny_flanked, temple_doors_e,
          minmay_misc_feat_alley, uniq_edmund, uniq_pikel, uniq_maggie,
          uniq_eustachio

Skill      XL: |  1  2  3  4  5  6  7  8 |
---------------+-------------------------+-----
Axes           | 2 3 4 5 6 |  6.1
Armour         | 3 4 5 |  5.0
Shields        | 3 4 5 |  5.0
Fighting       | 4 5 |  5.5

Action                     |  1- 3 |  4- 6 |  7- 9 || total
---------------------------+-------+-------+-------++-------
  Melee: War axe           |    71 |    57 |    76 ||   204
  Evoke: Wand              |       |       |     2 ||     2
 Armour: Scale mail        |    21 |       |       ||    21
         Plate armour      |    10 |    38 |    85 ||   133
  Dodge: Dodged            |    19 |    16 |    30 ||    65
  Block: Buckler           |    12 |       |       ||    12
         Kite shield       |    20 |    25 |    64 ||   109

Table legend: (Time is in decaauts)
 A = Elapsed time spent in this place.
 B = Non-inter-level travel time spent in this place.
 C = Inter-level travel time spent in this place.
 D = Time resting spent in this place.
 E = Time spent auto-exploring this place.
 F = Levels seen in this place.
 G = Mean time per level.
                   A        B        C        D        E       F      G
               +--------+--------+--------+--------+--------+-----+--------+
         Total |   4109 |   3835 |    274 |    283 |   2924 |   6 |  684.8 |
       Dungeon |   4109 |   3835 |    274 |    283 |   2924 |   6 |  684.8 |
               +--------+--------+--------+--------+--------+-----+--------+

Top non-repeatable levels by time:
     D:3: 960 daAuts
     D:1: 828 daAuts
     D:5: 799 daAuts
     D:4: 637 daAuts
     D:2: 618 daAuts
     D:6: 264 daAuts
